AoeStats
← sagaz0022

Arena

506548079Analyzed
3v3 RM · 19d ago on Sep 14, 2026· 42m 46s· 6 players
Game mode
Random Map
Map size
Normal (6 player)
Population
200
Speed
Normal
Resources
Standard
Victory
Conquest
Starting age
Dark Age
Ending age
Imperial Age
RankedLock teamsTeams togetherTeam positionsShared explorationLock speedFull tech treeHidden civsTurbo modeCheats
Victory
Defeat
🇧🇷 Cumans · Brazil
1155
+9
🇧🇷 Burgundians · Brazil
1101
+11
🇧🇷 Britons · Brazil
925
+54
🇻🇳 Khitans · Vietnam
1023
-14
🇻🇳 Japanese · Vietnam
987
-13
🇦🇺 Mongols · Australia
966
-12
Gneisenau HK
5:14 Loom
11:24 Feudal Age
13:32 Horse Collar
16:12 Castle Age
14:33 Double-Bit Axe
17:23 Bow Saw
18:02 Loom
20:19 Wheelbarrow
20:56 Heavy Plow
24:56 Hand Cart
24:27 Town Watch
25:48 Gold Mining
25:57 Fletching
26:07 Padded Archer Armor
29:05 Bodkin Arrow
29:26 Leather Archer Armor
30:10 Bloodlines
30:00 Husbandry
35:05 Imperial Age
33:43 Ballistics
35:04 Forging
34:59 Scale Barding Armor
35:17 Capped Ram
36:40 Drill
37:30 Iron Casting
37:15 Chain Barding Armor
36:53 Siege Ram
37:39 Bracer
39:21 Conscription
40:39 Elite Mangudai
43:23 Chemistry
kyokiroto
10:47 Feudal Age
16:15 Castle Age
15:39 Stone Mining
15:37 Double-Bit Axe
26:40 Bow Saw
26:12 Domestication
26:26 Gold Mining
29:41 Wheelbarrow
31:42 Imperial Age
30:48 Hand Cart
32:17 Lamellar Armor
32:18 Scale Mail Armor
32:28 Forging
32:04 Capped Ram
33:11 Conscription
32:59 Elite Liao Dao
34:50 Chain Mail Armor
35:10 Iron Casting
36:19 Plate Mail Armor
36:07 Town Watch
36:41 Siege Ram
piipii.1402
0:38 Loom
10:58 Feudal Age
11:57 Double-Bit Axe
11:55 Horse Collar
13:43 Gold Mining
13:43 Stone Mining
20:32 Castle Age
22:51 Bow Saw
22:50 Heavy Plow
33:37 Imperial Age
33:11 Town Watch
34:02 Wheelbarrow
33:48 Capped Ram
35:51 Gold Shaft Mining
35:57 Town Patrol
36:43 Pikeman
37:23 Squires
37:08 Arson
37:34 Elite Samurai
38:16 Yasama
40:21 Kataparuto
40:21 Conscription
TrutaPSYCHO
10:02 Feudal Age
10:27 Horse Collar
10:33 Double-Bit Axe
17:44 Gold Mining
19:32 Wheelbarrow
23:05 Castle Age
22:30 Scale Barding Armor
22:36 Forging
22:31 Scale Barding Armor
22:36 Forging
24:24 Hand Cart
24:51 Gold Shaft Mining
23:40 Capped Ram
24:44 Bloodlines
24:56 Chain Barding Armor
25:11 Iron Casting
26:24 Fletching
27:18 Bodkin Arrow
27:23 Padded Archer Armor
27:36 Thumb Ring
27:50 Bow Saw
27:33 Stone Mining
29:35 Leather Archer Armor
33:57 Imperial Age
35:15 Conscription
34:32 Cavalier
36:54 Scale Mail Armor
38:23 Town Watch
39:12 Caravan
41:08 Paladin
43:30 Plate Barding Armor
43:55 Blast Furnace
43:30 Plate Barding Armor
43:55 Blast Furnace
dudurmendes
10:18 Feudal Age
11:35 Double-Bit Axe
17:21 Gold Mining
17:36 Fletching
19:12 Wheelbarrow
19:36 Padded Archer Armor
24:32 Castle Age
23:47 Horse Collar
24:28 Scale Mail Armor
25:32 Bow Saw
24:49 Crossbowman
25:28 Bodkin Arrow
26:59 Stone Mining
27:45 Gold Shaft Mining
27:14 Heavy Plow
28:11 Leather Archer Armor
30:12 Pikeman
30:52 Squires
30:38 Arson
31:12 Hand Cart
36:00 Yeomen
38:13 Imperial Age
35:56 Fortified Wall
36:08 Ballistics
36:43 Chain Mail Armor
37:59 Masonry
38:24 Arbalester
39:08 Bracer
40:36 Ring Archer Armor
41:11 Chemistry
40:17 Siege Engineers
41:57 Conscription
42:48 Two-Man Saw
41:29 Elite Skirmisher
42:33 Halberdier
43:51 Architecture
sagaz0022
6:36 Double-Bit Axe
11:47 Feudal Age
10:27 Horse Collar
15:49 Castle Age
14:42 Bow Saw
15:47 Heavy Plow
16:47 Wheelbarrow
17:59 Two-Man Saw
17:11 Gold Mining
17:21 Loom
23:14 Stone Mining
25:04 Town Watch
30:35 Imperial Age
28:15 Scale Barding Armor
28:20 Forging
28:16 Husbandry
27:53 Cavalier
28:58 Hand Cart
29:19 Chain Barding Armor
31:06 Iron Casting
30:56 Burgundian Vineyards
32:06 Plate Barding Armor
31:42 Paladin
32:52 Conscription
34:48 Blast Furnace
34:45 Gold Shaft Mining
35:30 Chemistry
35:02 Fletching
37:21 Padded Archer Armor
37:16 Bodkin Arrow
37:24 Elite Skirmisher
40:32 Leather Archer Armor
40:17 Bracer
Connection lost

Rejoining the realm…

Still unreachable

The connection could not be restored.

Session expired

The server has moved on; the page needs a fresh start.